 Dungeon Sprint DCSS version 0.19.0-2-gae57169 (webtiles) character file.

617 poirepourri the Basher (level 7, -7/47 HPs)
             Began as a Gargoyle Gladiator on Nov 3, 2016.
             Was an Initiate of Okawaru.
             Mangled by a deep troll (13 damage)
             ... in the Dungeon (Sprint I: "Red Sonja").
             The game lasted 00:01:47 (1188 turns).

poirepourri the Basher (Gargoyle Gladiator)         Turns: 1188, Time: 00:01:47

Health: -7/47      AC:  9    Str: 20    XL:     7   Next: 45%
Magic:  7/7        EV: 15    Int:  8    God:    Okawaru [......]
Gold:   547        SH:  0    Dex: 11    Spells: 0 memorised, 6 levels left

rFire  . . .     SeeInvis .     a - +0 flail
rCold  . . .     Gourm    .     b - +0 leather armour
rNeg   + . .     Faith    .     (no shield)
rPois  ∞         Spirit   .     c - +0 helmet
rElec  +         Reflect  .     (no cloak)
rCorr  .         Harm     .     (no gloves)
MR     .....     NoTele   +     (no boots)
Stlth  +.........               (no amulet)
                                (no ring)
                                (no ring)

@: no status effects
A: negative energy resistance 1, electricity resistance, unbreathing,
petrification resistance, rot immunity, AC +4
a: Renounce Religion


You were in the Dungeon.
You worshipped Okawaru.
Okawaru was noncommittal.
You were not hungry.

You visited 1 branch You collected 547 gold pieces.

Inventory:

Hand Weapons
 a - a +0 flail (weapon)
Armour
 b - a +0 leather armour (worn)
 c - a +0 helmet (worn)
Scrolls
 k - a scroll of blinking
Potions
 i - 2 potions of magic


   Skills:
 + Level 6.5 Fighting
 + Level 10.7 Maces & Flails
 + Level 4.7 Throwing
 + Level 3.0 Armour
 + Level 7.7 Dodging


You had 6 spell levels left.
You didn't know any spells.

Dungeon Overview and Level Annotations

Branches:
Dungeon (1/1)

Altars:
Cheibriados
Dithmenos
Elyvilon
Fedhas
Gozag
Hepliaklqana
Kikubaaqudgha
Makhleb
Nemelex Xobeh
Okawaru
Qazlal
Ru
Sif Muna
Trog
Uskayaw
Vehumet
Xom
Yredelemnul
Zin
The Shining One
Jiyva
Lugonu

Shops:
D [


Innate Abilities, Weirdness & Mutations

You are resistant to torment.
Your stone body is resilient. (AC +4)
You are immune to poison.
You resist negative energy. (rN+)
You are resistant to electric shocks. (rElec)
You can survive without breathing.
You are immune to petrification.
You are immune to rotting.


Message History

You throw a throwing net.
The throwing net closely misses the deep troll.
Okay, then.
Okay, then.
The deep troll bites you.
The deep troll claws you but does no damage.
The deep troll misses you.
There is an open door here.
You closely miss the deep troll. You closely miss the deep troll.
The deep troll barely misses you. The deep troll claws you!
The deep troll barely misses you.
You sock the deep troll!
The deep troll is moderately wounded.
The deep troll barely misses you. The deep troll claws you! x2
* * * LOW HITPOINT WARNING * * *
You barely miss the deep troll.
The deep troll is lightly wounded.
The deep troll bites you but does no damage.
The deep troll claws you!
You die...

#..#####'#####'#__####
#..####..#...#.####
#..#__####..##)#
#..#_____##'#..+
#⌠⌠#_.∩...(..._#
####_..__##_.#'#
#_____###(#.#
#########.####+###
+...@T(.$$+
#...####### ##.## #+#


You could see a deep troll.

Vanquished Creatures
  A slime creature (D)
  Sigmund (D)
  A yak (D)
  An ogre (D)
  A jelly (D)
  Ijyb (D)
6 creatures vanquished.

Vanquished Creatures (others)
  A hydra (D)
  Sonja (D)
  A hog (D)
  A floating eye (D)
4 creatures vanquished.

Grand Total: 10 creatures vanquished

Notes
Turn   | Place    | Note
-------+----------+-------------------------------------------
     0 | D        | poirepourri the Gargoyle Gladiator began the quest for the Orb.
     0 | D        | Reached XP level 1. HP: 12/12 MP: 1/1
     2 | D        | Noticed Ijyb
    11 | D        | Killed Ijyb
    11 | D        | Reached skill level 4 in Maces & Flails
    11 | D        | Reached XP level 2. HP: 16/19 MP: 2/2
    11 | D        | Reached XP level 3. HP: 19/23 MP: 3/3
   133 | D        | Noticed an ogre
   141 | D        | Killed an ogre
   141 | D        | Reached skill level 6 in Maces & Flails
   141 | D        | Reached skill level 5 in Dodging
   141 | D        | Reached XP level 4. HP: 13/29 MP: 4/4
   372 | D        | Noticed Sigmund
   383 | D        | Killed Sigmund
   383 | D        | Reached skill level 5 in Fighting
   383 | D        | Reached skill level 8 in Maces & Flails
   383 | D        | Reached skill level 1 in Armour
   383 | D        | Reached XP level 5. HP: 13/35 MP: 5/5
   383 | D        | Reached XP level 6. HP: 15/40 MP: 6/6
   584 | D        | Found a deep blue altar of Sif Muna.
   586 | D        | Found a radiant altar of Vehumet.
   621 | D        | Found Sulaun Xeivu's Armour Emporium.
   621 | D        | Found an ancient bone altar of Kikubaaqudgha.
   621 | D        | Found a hazy altar of Hepliaklqana.
   621 | D        | Found a stormy altar of Qazlal.
   621 | D        | Found a hide-covered altar of Uskayaw.
   621 | D        | Found a blossoming altar of Fedhas.
   621 | D        | Found a bloodstained altar of Trog.
   621 | D        | Found an iron altar of Okawaru.
   621 | D        | Found a basalt altar of Yredelemnul.
   621 | D        | Found a glowing golden altar of the Shining One.
   621 | D        | Found a snail-covered altar of Cheibriados.
   621 | D        | Found a sacrificial altar of Ru.
   621 | D        | Found a glowing silver altar of Zin.
   621 | D        | Found a shadowy altar of Dithmenos.
   621 | D        | Found a white marble altar of Elyvilon.
   621 | D        | Noticed a yak
   629 | D        | Killed a yak
   629 | D        | Reached skill level 9 in Maces & Flails
   629 | D        | Reached XP level 7. HP: 45/45 MP: 7/7
   630 | D        | Found an opulent altar of Gozag.
   631 | D        | Found a sparkling altar of Nemelex Xobeh.
   637 | D        | Became a worshipper of Warmaster Okawaru
   653 | D        | Found a burning altar of Makhleb.
   653 | D        | Found a viscous altar of Jiyva.
   653 | D        | Found a shimmering altar of Xom.
   653 | D        | Found a corrupted altar of Lugonu.
   653 | D        | Noticed a slime creature
   665 | D        | Killed a slime creature
   665 | D        | Reached skill level 10 in Maces & Flails
   778 | D        | Noticed Sonja
   817 | D        | HP: 1/47 [Sonja/uncursed short sword of draining (7)]
  1109 | D        | Killed a hog
  1113 | D        | Killed Sonja
  1144 | D        | Killed a 12-headed hydra
  1182 | D        | Noticed a deep troll
  1188 | D        | Mangled by a deep troll

Skill      XL: |  1  2  3  4  5  6  7 |
---------------+----------------------+-----
Fighting       | 3 4 5 6 |  6.5
Maces & Flails | 4 6 8 9 10 | 10.7
Throwing       | 2 3 4 |  4.7
Dodging        | 3 5 6 7 |  7.7
Armour         | 1 2 3 |  3.0

Action                   |  1- 3 |  4- 6 |  7- 9 || total
-------------------------+-------+-------+-------++-------
Melee: Flail             |    13 |    18 |    42 ||    73
Throw: Throwing net      |     1 |     1 |     2 ||     4
  Use: Potion            |     1 |       |     3 ||     4
 Stab: Held in net/web   |     1 |     1 |       ||     2
  Eat: Bread ration      |       |       |     1 ||     1
Armor: Leather armour    |     2 |     2 |    30 ||    34
Dodge: Dodged            |     5 |     7 |    52 ||    64
